 Dungeon Crawl Stone Soup version 0.31-a0-620-gd1cbd99268 (webtiles) character file.

Game seed: 3323127865796724033

28 GordonOverkill the Sneak (level 3, -8/20 HPs)
             Began as a Vine Stalker Delver on Aug 23, 2023.
             Mangled by a steam dragon (9 damage)
             ... on level 7 of the Dungeon.
             The game lasted 00:03:19 (435 turns).

GordonOverkill the Sneak (Vine Stalker Delver)       Turns: 435, Time: 00:03:19

Health: -8/20      AC:  3    Str: 14    XL:     3   Next: 12%
Magic:  0/4        EV: 11    Int: 12    God:
Gold:   16         SH:  0    Dex: 15    Spells: 2/2 levels left

rFire   . . .        i - +0 rapier
rCold   . . .        (no shield)
rNeg    . . .        b - +0 leather armour
rPois   .            (no helmet)
rElec   .            (no cloak)
rCorr   .            (no gloves)
SInv    .            (no boots)
Will    .....        (no amulet)
Stlth   +++          (no ring)
HPRegen 0.23/turn    (no ring)
MPRegen 0.09/turn

%: guardian spirit
@: no status effects
A: fangs 2, magic shield, antimagic bite, no potion heal 2
a: no special abilities


You were on level 7 of the Dungeon.
You visited 1 branch of the dungeon, and saw 4 of its levels.

You collected 16 gold pieces.

Inventory:

Hand Weapons
 i - a +0 rapier (weapon)
Missiles
 j - 7 poisoned darts (quivered)
Armour
 b - a +0 leather armour (worn)
Wands
 f - a wand of mindburst (17)
 g - a wand of digging (3)
Scrolls
 a - a scroll of butterflies {unknown}
 c - a scroll of fog
 d - a scroll of revelation
 e - a scroll of fear
 h - a scroll of teleportation {unknown}
 l - a scroll of acquirement {unknown}
Potions
 k - a potion of lignification {unknown}


   Skills:
 + Level 3.3 Fighting
 - Level 1.7 Short Blades
 + Level 1.5 Throwing
 - Level 1.5 Dodging
 - Level 6.0 Stealth
 + Level 0.0 Spellcasting
 + Level 0.0 Poison Magic


You had 2 spell levels left.
You didn't know any spells.
Your spell library contained the following spells:

 Spells                   Type           Power      Damage    Failure   Level
 Sting                    Tmut/Pois      0%         1d3       38%         1
 Poisonous Vapours        Pois/Air       0%         N/A       54%         2
 Olgreb's Toxic Radiance  Pois           0%         N/A       99%         4


Dungeon Overview and Level Annotations

Branches:
Dungeon (8/15)
 Temple: D:4-7         Lair: D:8-11

Altars:
Wu Jian
Xom

Annotations:
D:7 Jeremiah


Innate Abilities, Weirdness & Mutations

You have extremely sharp teeth.
When hurt, damage is shared between your health and your magic reserves.
Your bite disrupts and absorbs the magic of your enemies.
Potions cannot restore your health.


Message History

Found a leather armour.
You open the door.
A wyvern comes into view.
Found 27 gold pieces.
There is an open door here.
You close the door.
There is an open door here.
You open the door.
There is an open door here.
There is an open door here.
You open the door.
There is an open door here.
You open the door.
There is an open door here.
An orc and a deep elf pyromancer come into view.
The orc shouts!
You hear an angry hiss.
An orc priest comes into view. It is wielding a +0 short sword.
An orc comes into view. It is wielding a +0 club.
There is an open door here.
There is an open door here.
There is a stone staircase leading up here.
You climb upwards.
You hear the roar of battle.
There is an entrance to a bailey on this level.
Hurry and find it before the portal closes forever!
Level annotation: Jeremiah You hear the creaking of a very distant portcullis.
There is a stone staircase leading down here.
You open the door.
Found a leather armour.
Found an ornate altar of the Wu Jian Council.
There is an open door here.
There is an open door here.
A steam dragon comes into view.
You hit the steam dragon but do no damage.
The steam dragon breathes steam at you. The ball of steam hits you!!
Ouch! That really hurt!
* * * LOW HITPOINT WARNING * * *
The steam dragon bites you!
You die...

######.###...[...#
#.8.#...##.##.##.#
#......8##.##.##.#
#...#...##....##.#
##'#######.#####.#
#.# #.#####.# ##
##.##### #.....F.#
.
#§..>..###.#######
#.#§@........#
#..##.#D..##.#####
#........##.#
######.####.#
#.####.# #......#
########


You could see a steam dragon (catching breath).

Vanquished Creatures
  A hound (D:7)
1 creature vanquished.

Notes
Turn   | Place    | Note
-------+----------+-------------------------------------------
     0 | D:5      | GordonOverkill the Vine Stalker Delver began the quest for
                  | the Orb.
     0 | D:5      | Reached XP level 1. HP: 11/11 MP: 2/2
    13 | D:5      | Noticed a centaur
    35 | D:7      | Noticed an ice beast
    42 | D:6      | Noticed an iguana
    42 | D:6      | Noticed an orc warrior
    42 | D:6      | Noticed an orc priest
    42 | D:6      | Noticed an orc wizard
    42 | D:6      | Noticed a yak
    42 | D:6      | Noticed a yak
    42 | D:6      | Noticed a yak
    42 | D:6      | Noticed a yak
    42 | D:6      | Noticed a yak
    80 | D:7      | Noticed a wight
   138 | D:7      | Noticed a wight
   231 | D:7      | Found a shimmering altar of Xom.
   254 | D:7      | Noticed Jeremiah
   266 | D:7      | Noticed a hound
   284 | D:7      | Killed a hound
   285 | D:7      | Reached skill level 1 in Throwing
   285 | D:7      | Reached XP level 2. HP: 13/16 MP: 3/3
   285 | D:7      | Reached XP level 3. HP: 16/20 MP: 4/4
   335 | D:8      | Noticed a wyvern
   400 | D:8      | Noticed a deep elf pyromancer
   420 | D:7      | Found an ornate altar of the Wu Jian Council.
   432 | D:7      | Noticed a steam dragon
   434 | D:7      | HP: 1/20 [steam dragon/ball of steam (19)]
   435 | D:7      | Mangled by a steam dragon

Illustrated notes

Levels and vault maps discovered:
D:5:      layout_basic, mainiacjoe_overflow_large_starburst, elyvilon_altar_3,
          minmay_temple_entry_mist, minmay_misc_feat_columns, uniq_edmund,
          uniq_menkaure
D:6:      layout_rooms, mainiacjoe_overflow_alcove_2, kennysheep_mini_moat
D:7:      layout_loops_cross, mainiacjoe_overflow_tiny_flanked,
          general_overflow_altar, nicolae_wu_jian_immortal_techniques,
          enter_bailey_1, uniq_jeremiah
D:8:      layout_gridville, minmay_lindwurm_lava

Skill      XL: |  1 |
---------------+----+-----
Fighting       | 3 |  3.3
Throwing       | 1 |  1.5
Short Blades   | |  1.7
Dodging        | |  1.5
Stealth        | |  6.0

Action                     || total
---------------------------++-------
  Melee: Rapier            ||     1
  Evoke: Wand              ||     2
    Use: Potion            ||     1
 Armour: Leather armour    ||     2
  Dodge: Dodged            ||     1

Table legend: (Time is in decaauts)
 A = Elapsed time spent in this place.
 B = Non-inter-level travel time spent in this place.
 C = Inter-level travel time spent in this place.
 D = Time resting spent in this place.
 E = Time spent auto-exploring this place.
 F = Levels seen in this place.
 G = Mean time per level.
                   A        B        C        D        E       F      G
               +--------+--------+--------+--------+--------+-----+--------+
         Total |    420 |    401 |     19 |      0 |      0 |   4 |  105.0 |
       Dungeon |    420 |    401 |     19 |      0 |      0 |   4 |  105.0 |
               +--------+--------+--------+--------+--------+-----+--------+

Top non-repeatable levels by time:
     D:7: 224 daAuts
     D:8: 160 daAuts
     D:5: 23 daAuts
     D:6: 12 daAuts
